 Dungeon Crawl Stone Soup version 0.28.0 (webtiles) character file.

Game seed: 3661258560467001136

192 browni3141 the Chopper (level 5, -4/48 HPs)
             Began as a Minotaur Berserker on Feb 16, 2022.
             Was a Follower of Trog.
             Slain by an orc (7 damage)
             ... while paralysed by Grinder
             ... on level 3 of the Dungeon.
             The game lasted 00:00:36 (1629 turns).

browni3141 the Chopper (Minotaur Berserker)         Turns: 1629, Time: 00:00:36

Health: -4/48      AC:  2    Str: 24    XL:     5   Next: 42%
Magic:  4/4        EV:  2    Int:  4    God:    Trog [*.....]
Gold:   79         SH:  0    Dex:  9    Spells: 4/4 levels left

rFire   . . .      SeeInvis .   a - +0 hand axe
rCold   . . .      Faith    .   (no shield)
rNeg    . . .      Spirit   .   b - +0 animal skin
rPois   .          Reflect  .   (helmet restricted)
rElec   .          Harm     .   (no cloak)
rCorr   .          Rampage  .   (no gloves)
Will    .....                   (no boots)
Stlth   +.........              (no amulet)
HPRegen 0.16/turn               (no ring)
MPRegen 0.09/turn               (no ring)

@: paralysed
A: horns 2, retaliatory headbutt
a: Renounce Religion, Berserk


You were on level 3 of the Dungeon.
You worshipped Trog.
Trog was aware of your devotion.
You visited 1 branch of the dungeon, and saw 4 of its levels.

You collected 79 gold pieces.

Inventory:

Hand Weapons
 a - a +0 hand axe (weapon)
Armour
 b - a +0 animal skin (worn)
Wands
 f - a wand of polymorph (6)
 i - a wand of digging (1)
Scrolls
 c - a scroll of blinking {unknown}
 d - a scroll of magic mapping {unknown}
 e - a scroll of identify {unknown}
Potions
 g - a potion of flight {unknown}
 h - a potion of heal wounds {unknown}
 j - a potion of degeneration {unknown}


   Skills:
 + Level 5.1 Fighting
 + Level 5.1 Axes
 + Level 4.3 Armour
 - Level 2.4 Dodging


You had 4 spell levels left.
You didn't know any spells.
Your spell library was empty.

Dungeon Overview and Level Annotations

Branches:
Dungeon (4/15)
 Temple: D:4-7

Altars:

Annotations:
D:3 Grinder


Innate Abilities, Weirdness & Mutations

You have a pair of horns on your head.
You reflexively headbutt those who attack you in melee.


Message History

An orc comes into view. It is wielding a +0 mace.
You hear a shout!
There are monsters nearby!
An orc comes into view. It is wielding a +0 trident.
The orc shouts! x3; You hear an angry hiss.
Grinder gestures at you. Pain shoots through your body!
An orc comes into view. It is wielding a +0 hand axe.
You barely miss the adder. The adder barely misses you.
You furiously retaliate!
You headbutt the adder!
There are monsters nearby!
You barely miss the adder.
The adder is severely wounded.
The adder barely misses you. You furiously retaliate!
You headbutt the adder!
You kill the adder!
Trog accepts your kill.
An adder comes into view.
Grinder gestures at you.
You suddenly lose the ability to move!
Grinder blinks!
The orc hits you from afar with a +0 trident!
Grinder hits you!
You writhe in agony.
The orc hits you from afar with a +0 trident.
The orc hits you with a +0 mace. Grinder hits you.
* * * LOW HITPOINT WARNING * * *
The orc hits you from afar with a +0 trident.
* * * LOW HITPOINT WARNING * * *
A bat comes into view.
The orc hits you with a +0 mace.
* * * LOW HITPOINT WARNING * * *
Grinder barely misses you.
The orc hits you from afar with a +0 trident.
* * * LOW HITPOINT WARNING * * *
The orc hits you but does no damage.
Grinder says, "Mostly I couldn't keep them alive."
Grinder blinks!
The orc hits you from afar with a +0 trident!
* * * LOW HITPOINT WARNING * * *
The orc hits you with a +0 mace!
You die...

#..##..#...##...#
#...............#
#########.#..##.###
#.........#
#####.###.###.#
#.#.......#
#.#.#.##### #..5..#
###@### #o#


Soo ...o. #.....# ....... ....b.... ........... You could see Grinder, an adder,
4 orcs and a bat.

Vanquished Creatures
  A scorpion (D:4)
  Jessica (D:2)
  Ijyb (D:3)
  Natasha (twice) (D:2)
  An adder (D:3)
  A worm (D:2)
  4 bats
  3 endoplasms
  A goblin (D:1)
  2 hobgoblins
  4 jackals (D:1)
  A quokka (D:2)
  A frilled lizard (D:3)
  A kobold (D:1)
  A rat (D:3)
25 creatures vanquished.

Notes
Turn   | Place    | Note
-------+----------+-------------------------------------------
     0 | D:1      | browni3141 the Minotaur Berserker began the quest for the
                  | Orb.
     0 | D:1      | Reached XP level 1. HP: 19/19 MP: 0/0
   228 | D:1      | Reached XP level 2. HP: 21/27 MP: 1/1
   955 | D:2      | Noticed Natasha
   968 | D:2      | Killed Natasha
   969 | D:2      | Reached XP level 3. HP: 6/33 MP: 2/2
  1252 | D:2      | Noticed Natasha
  1256 | D:2      | Killed Natasha
  1257 | D:2      | Noticed Jessica
  1263 | D:2      | Killed Jessica
  1264 | D:2      | Reached XP level 4. HP: 41/41 MP: 3/3
  1352 | D:2      | You fall into a shaft and drop 2 floors!
  1358 | D:4      | Noticed a scorpion
  1366 | D:4      | Killed a scorpion
  1367 | D:4      | Reached skill level 5 in Fighting
  1367 | D:4      | Reached skill level 5 in Axes
  1367 | D:4      | Reached XP level 5. HP: 48/48 MP: 4/4
  1500 | D:3      | Noticed Ijyb
  1510 | D:3      | Killed Ijyb
  1620 | D:3      | Noticed Grinder
  1623 | D:3      | Paralysed by Grinder for 7 turns
  1628 | D:3      | HP: 2/48 [orc (8)]
  1629 | D:3      | Slain by an orc

Illustrated notes

Levels and vault maps discovered:
D:1:      dpeg_arrival_water_temple_mockup, layout_basic, minmay_pentomino_t2
D:2:      layout_basic, uniq_natasha, uniq_jessica
D:3:      layout_loops_corners, bloody_makhleb, basic_ecumenical_altar,
          palyth_stone_intersect, grunt_decor_junction, uniq_crazy_yiuf_cottage,
          uniq_ijyb, uniq_grinder
D:4:      layout_loops_corners, minmay_temple_entry_grid

Skill      XL: |  1  2  3  4 |
---------------+-------------+-----
Fighting       | 4 5 |  5.1
Axes           | 4 5 |  5.1
Armour         | 3 4 |  4.3
Dodging        | |  2.4

Action                   |  1- 3 |  4- 6 || total
-------------------------+-------+-------++-------
Melee: Hand axe          |    41 |    18 ||    59
       Headbutt          |     5 |       ||     5
       Punch             |     1 |       ||     1
Invok: Berserk           |     1 |     1 ||     2
Armor: Animal skin       |     9 |     3 ||    12
Dodge: Dodged            |    33 |    11 ||    44
